 Dungeon Crawl Stone Soup version 0.31-a0-836-g3ceb0a68c4 (webtiles) character file.

Game seed: 1554448615134035298

2964 croobank the Martial Artist (level 9, -12/94 HPs)
             Began as a Gnoll Shapeshifter on Sept 26, 2023.
             Was an Elder of Ru.
             Killed by divine providence
             ... invoked by an orc priest
              (16 damage)
             ... on level 7 of the Dungeon.
             The game lasted 00:24:14 (6411 turns).

croobank the Martial Artist (Gnoll Shapeshifter)    Turns: 6411, Time: 00:24:15

Health: -12/94     AC: 24    Str: 18    XL:     9   Next: 82%
Magic:  18/18      EV:  2    Int: 23    God:    Ru [****..]
Gold:   222        SH:  0    Dex: 12    Spells: 18/20 levels left

rFire   . .          .
                       - Unarmed
rCold   . . .        (no shield)
rNeg    . . .        g - melded +0 ring mail
rPois   +            m - melded +2 helmet
rElec   .            x - melded +2 ratskin cloak {*Rats rPois rN+ Str-1 Int-1 Dex+1}
rCorr   .            (gloves currently unavailable)
SInv    .            (boots currently unavailable)
Will    .....        (no amulet)
Stlth   +            j - +6 ring of strength
HPRegen 0.35/turn    t - +6 ring of intelligence
MPRegen 0.16/turn

%: inaccuracy (-5)
@: confused, tree-form
A: stationary, stasis, torment immunity, boosted hp, (fangs 1), frail 1, hated
by all, missing an eye, strong nose, distributed training, (iridescent scales
1), clever 1, no potion heal 1
a: Renounce Religion, Draw Out Power, Power Leap


You were on level 7 of the Dungeon.
You worshipped Ru.
Ru was greatly pleased with you.
You were a tree.
You visited 1 branch of the dungeon, and saw 7 of its levels.
You also visited: Sewer.

You collected 250 gold pieces.
You spent 28 gold pieces at shops.

Inventory:

Hand Weapons
 e - the +6 mace "Ziudiack" {vamp, rPois Str-4 Int+3 Stlth+}
   (You found it on level 3 of the Dungeon)

   Str-4:     It affects your strength (-4).
   Int+3:     It affects your intelligence (+3).
   rPois:     It protects you from poison Stlth+: It makes you more stealthy.
 p - a +0 war axe
 s - a +2 short sword of speed
 u - a +0 orcbow
Missiles
 w - a curare-tipped dart
Armour
 g - a +0 ring mail (melded)
 m - a +2 helmet (melded)
 n - a +0 cloak
 x - the +2 ratskin cloak (melded) {*Rats rPois rN+ Str-1 Int-1 Dex+1}
   (You found it on level 6 of the Dungeon)

   *Rats:     When the wearer is hurt, rats may emerge from it to assist them.
   Str-1:     It affects your strength (-1).
   Int-1:     It affects your intelligence (-1).
   Dex+1:     It affects your dexterity (+1).
   rPois:     It protects you from poison rN+: It protects you from negative
   energy.
Jewellery
 j - a +6 ring of strength (left branch)
 r - a +6 ring of dexterity
 t - a +6 ring of intelligence (right branch)
Talismans
 c - a beast talisman
 d - a flux talisman
Wands
 y - a wand of flame (1)
Scrolls
 f - 4 scrolls of enchant weapon
 i - a scroll of identify
 q - 2 scrolls of revelation {unknown}
 v - 2 scrolls of fog
 z - a scroll of immolation {unknown}
Potions
 a - a potion of mutation
 h - 4 potions of brilliance
 k - 4 potions of magic
 l - a potion of haste
 o - 4 potions of attraction


   Skills:
 + Level 6.9 Fighting
 + Level 6.3 Short Blades
 + Level 6.3 Long Blades
 + Level 6.3 Axes
 + Level 6.3 Maces & Flails
 + Level 6.3 Polearms
 + Level 6.3 Staves
 + Level 6.3 Ranged Weapons
 + Level 6.3 Throwing
 + Level 6.3 Armour
 + Level 7.9 Dodging
 + Level 6.3 Stealth
 + Level 6.3 Shields
 + Level 9.2 Unarmed Combat
 + Level 6.3 Spellcasting
 + Level 5.2 Conjurations
 + Level 5.2 Hexes
   Level 0.0 Summonings
 + Level 5.2 Necromancy
 + Level 5.2 Translocations
 + Level 5.2 Transmutations
 + Level 5.2 Fire Magic
 + Level 5.2 Ice Magic
 + Level 5.2 Air Magic
 + Level 5.2 Earth Magic
 + Level 5.2 Poison Magic
 + Level 6.9 Invocations
 + Level 6.3 Evocations
 + Level 8.8 Shapeshifting


You had 18 spell levels left.
You knew the following spells:

 Your Spells              Type           Power      Damage    Failure   Level
a - Passwall              Tmut/Erth      25%        N/A       1%          2

Your spell library contained the following spells:

 Spells                   Type           Power      Damage    Failure   Level
 Sandblast                Erth           62%        2d14      1%          1
 Stone Arrow              Conj/Erth      62%        3d10      2%          3
 Brom's Barrelling Bould  Conj/Erth      31%        2d5       10%         4
 Passage of Golubria      Tloc           31%        N/A       10%         4
 Yara's Violent Unravell  Hex/Tmut       15%        3d8       26%         5
 Ozocubu's Refrigeration  Ice            15%        4d10      100%        7
 Polar Vortex             Ice            15%        12d2*     100%        9
 Tukima's Dance           Hex            Unusable   N/A       N/A         3
 Simulacrum               Ice/Necr       Unusable   N/A       N/A         6

Dungeon Overview and Level Annotations

Branches:
Dungeon (7/15)             Temple (0/1) D:6           Sewer (visited)

Altars:
Cheibriados
Kikubaaqudgha
Ru
Sif Muna
Trog
Wu Jian

Shops:
D:2 [(   D:4 ?


Innate Abilities, Weirdness & Mutations

You are a tree.
Your roots penetrate the ground, keeping you stationary.
You cannot be teleported.
You are immune to unholy pain and torment.
Your maximum health is greatly increased.
Your equipment is partially melded.
((You have very sharp teeth.))
You are frail. (-10% HP)
You are hated by all.
You are missing an eye, making it more difficult to aim.
Your uncanny sense of smell can sniff out nearby items.
Your experience applies equally to all skills.
((You are partially covered in iridescent scales. (AC +2)))
Your mind is acute. (Int +4, Str/Dex -1)
Potions are less effective at restoring your health.


Message History

* * * LOW HITPOINT WARNING * * *
Okay, then.
You barely miss the orc wizard. Your bite misses the orc wizard.
The orc wizard is almost dead.
The orc wizard is stunned by your conviction and fails to attack.
The wyvern closely misses you.
The orc priest hits you but does no damage.
You redirect the orc wizard's attack!
The wyvern barely misses you.
The orc priest looks encouraged for a moment.
There is an open door here.
You bump into the rock wall.
The wyvern bites you.
* * * LOW HITPOINT WARNING * * *
The orc wizard casts a spell at you.
You are more confused.
The wyvern bites you but does no damage.
You miss the wyvern. The wyvern misses you.
Your transformation has ended.
You turn into a tree.
The +2 ratskin cloak {*Rats rPois rN+ Str-1 Int-1 Dex+1} melds into your body.
Your +2 helmet melds into your body.
Your +0 ring mail melds into your body.
Your roots penetrate the ground.
The wyvern bites you.
* * * LOW HITPOINT WARNING * * *
The orc wizard hits you but does no damage.
Unknown command.
You cannot move. (Use ctrl+direction or * direction to attack while stationary and confused.)
You pummel the orc wizard!!
You kill the orc wizard!
The wyvern bites you!
* * * LOW HITPOINT WARNING * * *
You redirect the orc priest's attack!
The wyvern bites you but does no damage.
It was a potion of mutation.
You feel extremely strange.
You feel clever.
Your system partially rejects the healing effects of potions.
Iridescent scales grow over part of your body.
The wyvern bites you but does no damage.
The orc priest mumbles some strange prayers to Beogh against you.
Beogh smites you!
You die...

............# #.....# #..
..........# #.....# #.. ∆
........#####.....#####..
#.........#####.........
#.........#...#.........
#....:....#...'.........
#..?......#...#.........
##+##....olo..#.###.........
#.........#♣###)##########..
#.........#..)......... #..
#.......).'............ #..
#.........#............ #..
#.........#............ #..
#.........############# ##..
....######.............
.)... ..... #.............
..... ..... #.............
.)...


You could see a wyvern, an orc priest and an orc.

Vanquished Creatures
  Eustachio (D:5)
  An orc warrior (D:7)
  3 black bears (D:7)
  2 centaurs
  A kobold brigand (Sewer)
  A phantom (D:5)
  A bullfrog (D:6)
  4 scorpions
  A howler monkey (D:7)
  2 hounds (D:5)
  3 jellies
  3 orc priests
  An iguana (D:6)
  3 orc wizards
  4 hell rats (D:6)
  13 river rats (D:6)
  9 adders
  3 gnolls (D:5)
  A shadow imp (D:7)
  2 white imps (D:6)
  2 worms
  2 dart slugs (D:1)
  14 orcs
  6 bats
  7 endoplasms
  13 giant cockroaches
  3 goblins
  5 hobgoblins
  4 jackals (D:4)
  11 quokkas
  11 ball pythons
  6 frilled lizards
  9 kobolds
  8 rats
160 creatures vanquished.

Vanquished Creatures (others)
  A human (D:3)
  An orc (D:7)
2 creatures vanquished.

Grand Total: 162 creatures vanquished

Notes
Turn   | Place    | Note
-------+----------+-------------------------------------------
     0 | D:1      | croobank the Gnoll Shapeshifter began the quest for the
                  | Orb.
     0 | D:1      | Reached XP level 1. HP: 17/17 MP: 1/1
    70 | D:1      | Found a faded altar of an unknown god.
   109 | D:1      | Prayed at the altar of an unknown god.
   109 | D:1      | Became a worshipper of Ru the Awakened
   116 | D:1      | Gained mutation: You are missing an eye, making it more
                  | difficult to aim. [Ru sacrifice]
   116 | D:1      | Reached * piety under Ru
   259 | D:1      | Reached XP level 2. HP: 18/23 MP: 2/2
   965 | D:1      | Found an ornate altar of the Wu Jian Council.
  1113 | D:2      | Reached XP level 3. HP: 26/28 MP: 3/3
  1152 | D:2      | Reached skill level 1 in Invocations
  1222 | D:2      | Found a shimmering blue altar of Sif Muna.
  1434 | D:2      | Reached skill level 1 in Short Blades
  1434 | D:2      | Reached skill level 1 in Long Blades
  1434 | D:2      | Reached skill level 1 in Axes
  1434 | D:2      | Reached skill level 1 in Maces & Flails
  1434 | D:2      | Reached skill level 1 in Polearms
  1434 | D:2      | Reached skill level 1 in Staves
  1434 | D:2      | Reached skill level 1 in Ranged Weapons
  1434 | D:2      | Reached skill level 1 in Throwing
  1434 | D:2      | Reached skill level 1 in Armour
  1434 | D:2      | Reached skill level 1 in Stealth
  1434 | D:2      | Reached skill level 1 in Shields
  1434 | D:2      | Reached skill level 1 in Spellcasting
  1434 | D:2      | Reached skill level 1 in Evocations
  1500 | D:2      | Found Nisacif's Antique Weapon Shoppe.
  1541 | D:2      | Found Diutwureo's Armour Shoppe.
  1606 | D:2      | Reached XP level 4. HP: 34/34 MP: 5/5
  2025 | D:3      | Reached skill level 1 in Conjurations
  2025 | D:3      | Reached skill level 1 in Hexes
  2025 | D:3      | Reached skill level 1 in Summonings
  2025 | D:3      | Reached skill level 1 in Necromancy
  2025 | D:3      | Reached skill level 1 in Translocations
  2025 | D:3      | Reached skill level 1 in Transmutations
  2025 | D:3      | Reached skill level 1 in Fire Magic
  2025 | D:3      | Reached skill level 1 in Ice Magic
  2025 | D:3      | Reached skill level 1 in Air Magic
  2025 | D:3      | Reached skill level 1 in Earth Magic
  2025 | D:3      | Reached skill level 1 in Poison Magic
  2061 | D:3      | Found a snail-covered altar of Cheibriados.
  2074 | D:3      | Identified the +6 mace "Ziudiack" {vamp, rPois Str-4 Int+3
                  | Stlth+}
  2203 | D:3      | Found an ancient bone altar of Kikubaaqudgha.
  2204 | D:3      | Noticed a human
  2206 | D:3      | Killed a human
  2368 | D:4      | Reached XP level 5. HP: 36/40 MP: 5/7
  2645 | D:4      | Reached XP level 6. HP: 32/47 MP: 8/8
  2756 | D:4      | Gained mutation: You are frail. (-10% HP) [Ru sacrifice]
  2756 | D:4      | Reached ** piety under Ru
  2763 | D:4      | Found The Oracle's Delphic Readings.
  2767 | D:4      | Bought a scroll of identify for 28 gold pieces
  2811 | D:4      | Found a glowing drain.
  2837 | Sewer    | Entered a sewer
  2968 | Sewer    | Reached skill level 5 in Dodging
  3236 | Sewer    | Reached skill level 5 in Fighting
  3236 | Sewer    | Reached skill level 5 in Short Blades
  3236 | Sewer    | Reached skill level 5 in Long Blades
  3236 | Sewer    | Reached skill level 5 in Axes
  3236 | Sewer    | Reached skill level 5 in Maces & Flails
  3236 | Sewer    | Reached skill level 5 in Polearms
  3236 | Sewer    | Reached skill level 5 in Staves
  3236 | Sewer    | Reached skill level 5 in Ranged Weapons
  3236 | Sewer    | Reached skill level 5 in Throwing
  3236 | Sewer    | Reached skill level 5 in Armour
  3236 | Sewer    | Reached skill level 5 in Stealth
  3236 | Sewer    | Reached skill level 5 in Shields
  3236 | Sewer    | Reached skill level 8 in Unarmed Combat
  3236 | Sewer    | Reached skill level 5 in Spellcasting
  3236 | Sewer    | Reached skill level 5 in Invocations
  3236 | Sewer    | Reached skill level 5 in Evocations
  3236 | Sewer    | Reached XP level 7. HP: 51/51 MP: 9/14
  3237 | Sewer    | Reached skill level 9 in Unarmed Combat
  3237 | Sewer    | Reached skill level 5 in Conjurations
  3237 | Sewer    | Reached skill level 5 in Hexes
  3237 | Sewer    | Reached skill level 5 in Summonings
  3237 | Sewer    | Reached skill level 5 in Necromancy
  3237 | Sewer    | Reached skill level 5 in Translocations
  3237 | Sewer    | Reached skill level 5 in Transmutations
  3237 | Sewer    | Reached skill level 5 in Fire Magic
  3237 | Sewer    | Reached skill level 5 in Ice Magic
  3237 | Sewer    | Reached skill level 5 in Air Magic
  3237 | Sewer    | Reached skill level 5 in Earth Magic
  3237 | Sewer    | Reached skill level 5 in Poison Magic
  3237 | Sewer    | Reached XP level 8. HP: 58/58 MP: 9/17
  3247 | Sewer    | Learned a level 2 spell: Passwall
  3772 | D:5      | Entered Level 5 of the Dungeon
  4081 | D:5      | Noticed Eustachio
  4099 | D:5      | Killed Eustachio
  4100 | D:5      | Reached XP level 9. HP: 52/63 MP: 18/18
  4186 | D:5      | Found a shimmering blue altar of Sif Muna.
  4755 | D:6      | Found a staircase to the Ecumenical Temple.
  4931 | D:6      | Found a hazy altar of Hepliaklqana.
  5012 | D:6      | Gained mutation: You are hated by all. [Ru sacrifice]
  5012 | D:6      | Reached *** piety under Ru
  5012 | D:6      | Reached **** piety under Ru
  5132 | D:6      | Found the +2 ratskin cloak {*Rats rPois rN+ Str-1 Int-1
                  | Dex+1}
  6193 | D:7      | Found a bloodstained altar of Trog.
  6410 | D:7      | HP: 4/94 [wyvern (10)]
  6411 | D:7      | Gained mutation: Your mind is acute. (Int +4, Str/Dex -1)
                  | [potion of mutation]
  6411 | D:7      | Gained mutation: Potions are less effective at restoring
                  | your health. [potion of mutation]
  6411 | D:7      | Gained mutation: You are partially covered in iridescent
                  | scales. (AC +2) [potion of mutation]
  6411 | D:7      | Killed from afar by an orc priest

Illustrated notes

Levels and vault maps discovered:
D:1:      dpeg_arrival_lava_altar, layout_loops_corners,
          chequers_ecumenical_altar_simple_redux, lemuel_flame_loot_1
D:2:      layout_basic, serial_shops, nicolae_shop_real_fake_doors,
          nicolae_lakefront_shop, basic_altar, minmay_worlds_worst_comb
D:3:      layout_rooms, tgw_kikubaaqudgha, old_standard_altar
D:4:      layout_basic, gup_sewer_entry_pipe, serial_bayou, serial_bayou_pond_d,
          serial_bayou_ford_a, serial_bayou_shore_b, serial_bayou_crossing,
          serial_bayou_pond_e, nicolae_nh_oracle_at_delphi
D:5:      layout_loops_ring, kennysheep_orc_sif_temple, uniq_eustachio
D:6:      wander_guarded_unrand_ratskin, layout_basic,
          mainiacjoe_overflow_tiny_flanked, minmay_temple_entry_statues
D:7:      layout_gridville, trog_ov_bears_minmay, uniq_jeremiah

Skill      XL: |  1  2  3  4  5  6  7  8  9 |
---------------+----------------------------+-----
Invocations    | 1 2 5 6 |  6.9
Short Blades   | 1 5 6 |  6.3
Long Blades    | 1 5 6 |  6.3
Axes           | 1 5 6 |  6.3
Maces & Flails | 1 5 6 |  6.3
Polearms       | 1 5 6 |  6.3
Staves         | 1 5 6 |  6.3
Ranged Weapons | 1 5 6 |  6.3
Throwing       | 1 5 6 |  6.3
Armour         | 1 5 6 |  6.3
Stealth        | 1 5 6 |  6.3
Shields        | 1 5 6 |  6.3
Spellcasting   | 1 5 6 |  6.3
Evocations     | 1 5 6 |  6.3
Conjurations   | 1 4 5 |  5.2
Hexes          | 1 4 5 |  5.2
Summonings     | 1 4 5 0 |  0.0
Necromancy     | 1 4 5 |  5.2
Translocations | 1 4 5 |  5.2
Transmutations | 1 4 5 |  5.2
Fire Magic     | 1 4 5 |  5.2
Ice Magic      | 1 4 5 |  5.2
Air Magic      | 1 4 5 |  5.2
Earth Magic    | 1 4 5 |  5.2
Poison Magic   | 1 4 5 |  5.2
Fighting       | 3 5 6 |  6.9
Dodging        | 6 7 |  7.9
Unarmed Combat | 8 9 |  9.2
Shapeshifting  | 8 |  8.8

Action                     |  1- 3 |  4- 6 |  7- 9 || total
---------------------------+-------+-------+-------++-------
  Melee: Unarmed           |    87 |   183 |   283 ||   553
         Bite              |     6 |    10 |    27 ||    43
         Punch             |     4 |     2 |       ||     6
 Invoke: Sacrifice an Eye  |     1 |       |       ||     1
         Sacrifice Health  |       |     1 |       ||     1
         Sacrifice Love    |       |       |     1 ||     1
  Evoke: Wand              |       |       |     1 ||     1
    Use: Scroll            |       |    11 |     4 ||    15
         Potion            |       |     4 |     9 ||    13
   Stab: Sleeping          |     5 |     5 |     1 ||    11
         Distracted        |       |     1 |     1 ||     2
         Invisible         |       |     2 |     2 ||     4
 Armour: Animal skin       |    40 |    57 |     5 ||   102
         Ring mail         |       |       |   128 ||   128
         Skin              |       |       |     7 ||     7
  Dodge: Dodged            |    41 |    92 |   167 ||   300
   Form: Flux              |       |       |     1 ||     1

Table legend: (Time is in decaauts)
 A = Elapsed time spent in this place.
 B = Non-inter-level travel time spent in this place.
 C = Inter-level travel time spent in this place.
 D = Time resting spent in this place.
 E = Time spent auto-exploring this place.
 F = Levels seen in this place.
 G = Mean time per level.
                   A        B        C        D        E       F      G
               +--------+--------+--------+--------+--------+-----+--------+
         Total |   6385 |   6141 |    244 |    577 |   4319 |   8 |  798.1 |
       Dungeon |   5886 |   5642 |    244 |    480 |   4097 |   7 |  840.9 |
         Sewer |    499 |    499 |      0 |     97 |    222 |   1 |  499.0 |
               +--------+--------+--------+--------+--------+-----+--------+

Top non-repeatable levels by time:
     D:6: 1148 daAuts
     D:1: 1056 daAuts
     D:4: 989 daAuts
     D:5: 979 daAuts
     D:2: 701 daAuts
     D:3: 574 daAuts
   Sewer: 499 daAuts
     D:7: 436 daAuts
